 Dungeon Crawl Stone Soup version bcrawl-1.31.4 (webtiles) character file.

Game seed: 6826551489488930330

8575719 Morbidden the Fencer (level 21, -7/131 HPs)
             Began as a Jungle Stalker Archaeologist on May 24, 2021.
             Was a High Priest of Okawaru.
             Killed from afar by a deep elf high priest (14 damage)
             ... with a damnation
             ... on level 3 of the Elven Halls on May 26, 2021.
             The game lasted 01:35:24 (33911 turns).

Morbidden the Fencer (VSAc)                        Turns: 33911, Time: 01:35:24

Health: -7/131     AC: 46    Str: 24    XL:     21   Next: 40%
Magic:  0/36       EV: 10    Int: 24    God:    Okawaru [*****.]
Gold:   1774       SH: 23    Dex: 19    Spells: 30/40 levels left

rFire    + + .     SeeInvis .   a - +8 demon blade (elec)
rCold    + + .     Gourm    .   u - +1 medium shield {rN+}
rNeg     + + +     Faith    .   s - +23 iron dragon scales of Demons {rC+}
rPois    +         Spirit   +   A - -2 hat of the Alchemist {rElec rPois rF+ rC+ rN+ MR+ rMut rCorr}
rElec    +         Reflect  +   N - scarf {Spirit}
rCorr    +         Harm     .   P - +2 pair of gloves {Str+3}
rMut     +                      j - +2 pair of boots of Honour {*Corrode rN+ Str+4}
MR       +++..                  l - +3 amulet of reflection
Stlth    ..........             h - ring "Kenap" {rF+ Int+5 Dex+4}
HPRegen  1.51/turn              Q - +4 ring of evasion
MPRegen  0.25/turn

@: lethally poisoned (-7 -> -8), corroded, very slightly contaminated
A: fangs 3, poison resistance, regeneration 3, acidic bite, no potion heal 3,
rot immunity, strong jaws
}: 1/15 runes: gossamer
a: Heroism, Finesse, Renounce Religion


You were on level 3 of the Elven Halls.
You worshipped Okawaru.
Okawaru was extremely pleased with you.
You were hungry.

You visited 9 branches of the dungeon, and saw 32 of its levels.
You also visited: Ice Cave.

You collected 3511 gold pieces.
You spent 1737 gold pieces at shops.

Inventory:

Hand Weapons
 a - a +8 demon blade of electrocution (weapon)
 b - a +0 blowgun
 L - a +5 scimitar of flaming
 Y - the +8 quick blade "Limiw" {holy, rC++ MR+}
   (Okawaru gifted it to you in the Orcish Mines)

   It has been blessed by the Shining One to cause great damage to the undead
   and demons.
   It greatly protects you from cold.
   It affects your resistance to hostile enchantments.
Missiles
 f - 66 curare-tipped needles
 q - 398 poisoned needles
 r - 1293 poisoned tomahawks
 U - 207 javelins (quivered)
 W - 82 javelins of penetration {=f}
 Z - 2 throwing nets {=f}
Armour
 d - the +0 cloak of the Evening Star {rC+}
   (Okawaru gifted it to you on level 6 of the Lair of Beasts)

   It protects you from cold.
 j - the +2 pair of boots of Honour (worn) {*Corrode rN+ Str+4}
   (You found it on level 4 of the Dungeon)

   It affects your strength (+4).
   It protects you from negative energy.
   It may corrode you when you take damage.
 s - the +23 iron dragon scales of Demons (worn) {rC+}
   (You bought it in a shop on level 1 of the Shoals)

   It protects you from cold.
 u - a +1 medium shield of positive energy (worn)
 A - the -2 hat of the Alchemist (worn) {rElec rPois rF+ rC+ rN+ MR+ rMut rCorr}
   (You found it in the Orcish Mines)

   It protects you from fire.
   It protects you from cold.
   It insulates you from electricity.
   It protects you from poison.
   It protects you from negative energy.
   It affects your resistance to hostile enchantments.
   It provides partial protection from all sources of acid and corrosion.
   It protects you from mutation.
 N - a scarf of spirit shield (worn)
 P - a +2 pair of gloves of strength (worn)
Jewellery
 h - the ring "Kenap" (left hand) {rF+ Int+5 Dex+4}
   (You acquired it on level 3 of the Dungeon)

   [ring of intelligence]

   It affects your intelligence (+5).
   It affects your dexterity (+4).
   It protects you from fire.
 l - a +3 amulet of reflection (around neck)
 Q - a +4 ring of evasion (right hand)
Wands
 C - a wand of paralysis (10)
 E - a wand of disintegration (56)
 H - a wand of digging (5)
 I - a wand of flame (97)
 J - a wand of acid (5)
 K - a wand of clouds (8)
 S - a wand of iceblast (28)
Scrolls
 g - 5 scrolls of magic mapping
 i - a scroll of fear
 o - a scroll of summoning
 p - 12 scrolls of remove curse
 t - 6 scrolls of teleportation
 w - a scroll of blinking
 x - a scroll of enchant weapon
 y - 8 scrolls of enchant armour
Potions
 k - 4 potions of haste
 m - 4 potions of agility
 n - 11 potions of curing
 v - 8 potions of flight
 B - 4 potions of cancellation
 D - 6 potions of might
 F - 3 potions of mutation
 G - 2 potions of magic
 M - 2 potions of invisibility
 T - 5 potions of ambrosia
 V - 2 potions of berserk rage
Miscellaneous
 c - a lamp of fire (inert)
 z - a lightning rod (4/4)
 O - a box of beasts
 X - a phantom mirror
Comestibles
 e - 45 rations {!d}


   Skills:
 * Level 13.7 Fighting
 * Level 10.5(14.0) Short Blades
 * Level 15.2(16.2) Long Blades
   Level 1.1 Maces & Flails
 + Level 7.3 Throwing
 * Level 9.0 Armour
 * Level 14.1 Dodging
 + Level 8.3 Stealth
 + Level 10.4 Shields
 * Level 10.4 Spellcasting
 * Level 10.6 Conjurations
 * Level 10.5 Hexes
 * Level 8.3 Invocations
 + Level 1.5 Evocations


You had 30 spell levels left.
You knew the following spells:

 Your Spells              Type           Power        Failure   Level  Hunger
a - Iskenderun's Mystic   Conj           ######..     95%         3    None
b - Mana Rupture          Conj/Hex       ######....   100%        7    ######.

Your spell library contained the following spells:

 Spells                   Type           Power        Failure   Level  Hunger
 Magic Dart               Conj           ####         67%         1    None
 Searing Ray              Conj           ######..     80%         2    None
 Confuse                  Hex            ######..     96%         3    None
 Dazzling Orbs            Conj/Hex       ######.      96%         3    None
 Animate Skeleton         Necr           N/A          100%        1    None
 Beastly Appendage        Tmut           ##....       100%        1    None
 Pain                     Necr           ##....       100%        1    None
 Summon Small Mammal      Summ           ##..         100%        1    None
 Blink                    Tloc           N/A          100%        2    None
 Call Imp                 Summ           ##....       100%        2    None
 Sticks to Snakes         Tmut           ##......     100%        2    None
 Call Canine Familiar     Summ           ##......     100%        3    None
 Conjure Flame            Conj/Fire      #####...     100%        3    None
 Mephitic Cloud           Conj/Pois/Air  ####....     100%        3    None
 Spider Form              Tmut/Pois      ##.          100%        3    None
 Vampiric Draining        Necr           ##........   100%        3    None
 Agony                    Necr           ##......     100%        4    None
 Animate Dead             Necr           N/A          100%        4    None
 Fulminant Prism          Conj/Hex       ######....   100%        4    None
 Petrify                  Tmut/Erth      ##........   100%        4    None
 Summon Ice Beast         Ice/Summ       ##......     100%        4    None
 Yara's Violent Unravell  Hex/Tmut       #####.....   100%        4    None
 Dispel Undead            Necr           ##......     100%        5    ####...
 Irradiate                Conj/Tmut      #####.....   100%        5    ####...
 Metabolic Englaciation   Hex/Ice        #####.....   100%        5    ####...
 Summon Lightning Spire   Summ/Air       ##......     100%        5    ####...
 Statue Form              Tmut/Erth      ##.......    100%        6    #####..
 Dragon Form              Tmut           ##.....      100%        7    ######.
 Icicle Burst             Conj/Ice       #####.....   100%        7    ######.
 Spellforged Servitor     Conj/Summ      #####.....   100%        7    ######.


Dungeon Overview and Level Annotations

Branches:
Dungeon (12/12)            Temple (1/1) D:5            Lair (6/6) D:9
 Shoals (2/3) Lair:3       Spider (3/3) Lair:3        Slime (0/5) Lair:5
    Orc (1/1) D:11            Elf (3/3) Orc          Vaults (3/3) D:12
  Crypt (0/2) Vaults:2     Depths (1/5) D:12

Altars:
Ashenzari
Cheibriados
Dithmenos
Elyvilon
Fedhas
Gozag
Hepliaklqana
Kikubaaqudgha
Lugonu
Makhleb
Nemelex Xobeh
Okawaru
Qazlal
Ru
Sif Muna
Trog
Uskayaw
Vehumet
Wu Jian
Xom
Yredelemnul
Zin
The Shining One
Jiyva

Shops:
D:10 [   Orc :=!:   Elf:2 ?   Elf:3 =   Shoals:1 [   Vaults:2 (

Portals:
Hell: Depths:1
Abyss: Depths:1

Annotations:
D:3 1 runed door, Grinder
D:5 3 runed translucent doors, yrara's ghost, novice DsFi
Shoals:1 exclusion: 2 oklob plants
Spider:1 exclusion: orange crystal statue
Elf:2 3 runed doors


Innate Abilities, Weirdness & Mutations

You have razor-sharp teeth.
Your system is resistant to poisons. (rPois)
You regenerate.
You have acidic saliva.
Potions cannot restore your health.
You are immune to rotting.
Your bites deal extra damage.


Message History

The green death gestures at you.
You are more poisoned.
You partially resist. The poison arrow hits you!
* * * LOW HITPOINT WARNING * * *
Unknown command.
Unknown command.
Unknown command.
Blink to where?
Press: ? - help, Dir - move target cursor You are very lightly contaminated with residual magic.
As you read the scroll of blinking, it crumbles to dust.
You feel sick.
The phantasmal warrior blinks!
Unknown command.
Unknown command.
Your surroundings suddenly seem different.
You feel sick.
The ice devil disappears in a puff of smoke!
The deep elf high priest mumbles some strange prayers to its god against you.
The sphere of hellfire explodes!
The damnation engulfs you!!
You die...

#......W###...#
##..=...##...#
##.........#
##.....*.##
##).ee#§...##
##....We.3W..##
##.......41.*W.##
##.......).2W....##
##....)..###e..@.W.##
#...#).†## ##...#...#
#W.###):# #e.###.⌠#
#...#..## ##..#W..#
##..§..# #.....##
##.....# #.....##
####.ee..1...####
#e......# ...#e..


You could see a Hell Sentinel, a green death, 2 deep elf annihilators, a deep
elf death mage, a sun demon, a ghostly deep elf demonologist, a deep elf high
priest, a phantasmal warrior, a freezing wraith, a phantom, a chaos spawn, 2
wraiths and 2 lost souls.

Vanquished Creatures
  Arachne (Spider:3)
  Bai Suzhen (Spider:1)
  Saint Roka (Elf:1)
  Gastronok (Lair:1)
  2 rockslimes (Depths:1)
  Nikola (Depths:1)
  An Ice Fiend (IceCv)
  2 deep elf blademasters (Elf:3)
  Asterion (Vaults:2)
  2 deep elf master archers (Elf:3)
  4 sphinxes
  Donald (Vaults:2)
  Roxanne (Spider:3)
  Aizul (Elf:3)
  7 emperor scorpions
  2 ghost moths (Spider:3)
  4 deep elf sorcerers
  3 mutant beasts (D:12)
  5 vault wardens
  2 ironheart preservers (Vaults:1)
  2 stone giants (Depths:1)
  4 deep elf elementalists (Elf:3)
  9 very ugly things
  5 deep elf demonologists
  2 entropy weavers (Spider:3)
  3 dire elephants (Vaults:1)
  5 deep elf annihilators (Elf:3)
  4 deep elf death magi (Elf:3)
  5 spark wasps
  Snorg (Orc)
  2 merfolk impalers (Shoals:1)
  2 fire dragons
  Azrael (Elf:1)
  2 crystal guardians (Vaults:2)
  5 ettins
  Josephine (Spider:1)
  A deep elf high priest (Elf:1)
  6 yaktaur captains
  Fannar (Lair:1)
  2 ice dragons
  6 ogre magi
  4 rakshasas
  3 merfolk aquamancers (Shoals:1)
  5 hydras
  23 centaur warriors
  2 alligators
  A merfolk avatar (Shoals:1)
  A vault guard (Vaults:1)
  Erica (D:8)
  9 dancing weapons
  A shadow wraith (Vaults:1)
  24 two-headed ogres
  3 catoblepae (Lair:6)
  A death knight (Vaults:2)
  An alligator snapping turtle (Shoals:1)
  5 sea snakes
  A vampire mage (Depths:1)
  4 deep troll shamans
  7 death yaks
  An ironheart beastmaster (Vaults:1)
  12 deep elf knights
  11 deep trolls
  3 skeletal warriors
  An unseen horror (D:10)
  2 iron trolls
  A lindwurm (Lair:6)
  11 deep elf archers
  A phantasmal warrior (Vaults:2)
  A cyclops (shapeshifter) (Vaults:1)
  An orange crystal statue (Spider:3)
  3 cyclopes
  7 ironheart convokers
  11 orb spiders
  2 necromancers
  13 harpies
  3 orc sorcerers (Orc)
  An orc knight (D:12)
  A wizard (D:12)
  A frost giant zombie (Depths:1)
  8 manticores
  8 fauns
  8 ugly things
  16 wolf spiders
  48 deep elf magi
  A centaur zombie (D:12)
  3 moths of wrath
  17 elephants
  Joseph (D:10)
  2 vault sentinels
  3 black mambas
  5 merfolk sirens (Shoals:1)
  A spriggan zombie (Depths:1)
  3 torpor snails
  4 ice statues
  A rust devil (Depths:1)
  9 cane toads
  8 demonic crawlers
  35 yaktaurs
  3 freezing wraiths
  A rime drake (shapeshifter) (Elf:1)
  An efreet (D:12)
  2 rime drakes (Lair:6)
  A tengu conjurer (D:10)
  3 anaconda simulacra (IceCv)
  5 komodo dragons
  11 ice devils (IceCv)
  A queen bee (D:10)
  2 jumping spiders (shapeshifter)
  18 jumping spiders
  A queen bee (shapeshifter) (Vaults:1)
  A meliai (shapeshifter) (D:10)
  10 trolls
  Maurice (D:10)
  3 wind drakes (Shoals:1)
  4 hornets
  3 polar bears
  10 merfolk (Shoals:1)
  16 slime creatures
  Prince Ribbit (D:6)
  4 snapping turtles (Shoals:1)
  15 blink frogs
  7 dream sheep (Lair:5)
  A meliai zombie (D:7)
  10 hippogriffs
  Sigmund (D:4)
  60 redbacks
  A shadow (D:10)
  8 spriggans
  2 air elementals (Elf:3)
  A deep troll skeleton (Depths:1)
  7 wraiths
  15 tarantellas
  9 water elementals
  A vampire (D:11)
  44 yaks
  A fire elemental (Elf:1)
  A steam dragon (D:7)
  A tarantella (shapeshifter) (Vaults:2)
  2 basilisks (D:9)
  2 wyverns
  3 hungry ghosts
  Eustachio (D:5)
  Grum (D:11)
  A human simulacrum (Vaults:2)
  Edmund (D:5)
  A warg (Elf:1)
  A swamp worm (shapeshifter) (D:12)
  5 harpy simulacra (IceCv)
  10 water moccasins
  2 hydra simulacra (IceCv)
  4 hell hounds (Elf:1)
  15 crocodiles
  Duvessa (D:4)
  5 porcupines
  2 ice beasts (D:6)
  22 orc warriors
  A swamp drake (Orc)
  3 sky beasts
  4 black bears
  2 phantoms
  An eye of draining (D:11)
  A boggart (Vaults:1)
  27 ogres
  15 wolves
  8 centaurs
  11 bullfrogs
  3 big kobolds
  An earth elemental (Elf:1)
  3 gnoll sergeants (D:11)
  A wyvern zombie (D:7)
  Dowan (D:3)
  3 scorpions
  22 killer bees
  15 wights
  3 howler monkeys
  5 crimson imps
  A bullfrog zombie (D:6)
  3 human zombies (D:10)
  3 quasits
  3 bullfrog skeletons
  6 centaur skeletons
  7 orc priests
  7 hounds
  2 human skeletons (D:10)
  4 iguanas
  An iron imp (Orc)
  22 orc wizards
  Ijyb (D:5)
  4 worker ants
  A hound skeleton (D:9)
  2 mummies (D:10)
  A worker ant zombie (D:7)
  16 adders
  6 gnolls
  4 shadow imps
  A white imp (Orc)
  3 oozes
  7 adder skeletons
  3 worms
  5 dart slugs
  4 leopard geckos
  85 orcs
  A ball python (D:2)
  7 giant cockroaches
  3 goblins
  8 hobgoblins
  9 jackals
  15 kobolds
  6 quokkas
  6 bats
  3 frilled lizards
  A jackal skeleton (D:6)
  An orc zombie (D:10)
  A quokka skeleton (D:4)
  6 rats
1241 creatures vanquished.

Vanquished Creatures (others)
  A stone giant (Depths:1)
  2 yaktaur captains (Vaults:1)
  7 centaur warriors
  A deep elf knight (Elf:3)
  4 deep elf archers
  A deep elf mage (Elf:2)
  A cyclops (D:9)
  2 fauns (Shoals:1)
  7 yaktaurs
  A merfolk (Shoals:2)
  A jumping spider (Spider:2)
  A worker ant (D:12)
  3 orcs
  5 fungi
  7 plants
  5 tentacles (Shoals:2)
49 creatures vanquished.

Grand Total: 1290 creatures vanquished

Notes
Turn   | Place    | Note
-------+----------+-------------------------------------------
     0 | D:1      | Morbidden the Vine Stalker Archaeologist began the quest
                  | for the Orb.
     0 | D:1      | Reached XP level 1. HP: 11/11 MP: 2/2
   132 | D:1      | Reached XP level 2. HP: 16/16 MP: 3/3
   255 | D:1      | Reached skill level 1 in Fighting
   442 | D:1      | Reached XP level 3. HP: 20/20 MP: 4/4
   970 | D:2      | Reached skill level 1 in Maces & Flails
  1085 | D:2      | Reached XP level 4. HP: 23/25 MP: 5/5
  1238 | D:2      | Reached skill level 5 in Stealth
  1499 | D:3      | Reached skill level 1 in Short Blades
  1533 | D:3      | Noticed Grinder
  1553 | D:3      | Reached XP level 5. HP: 30/30 MP: 6/6
  1553 | D:3      | Identified a scroll of acquirement
  1558 | D:3      | Identified the ring "Kenap" {rF+ Int+5 Dex+4} (You acquired
                  | it on level 3 of the Dungeon)
  1719 | D:3      | Reached skill level 5 in Dodging
  1812 | D:3      | Found a white marble altar of Elyvilon.
  1955 | D:4      | Noticed Duvessa
  1957 | D:4      | Noticed Dowan
  1963 | D:4      | Killed Duvessa
  1964 | D:4      | Gained mutation: You have razor-sharp teeth. [Vine Stalker
                  | growth]
  1964 | D:4      | Reached XP level 6. HP: 36/36 MP: 7/7
  1964 | D:4      | Noticed Sigmund
  1986 | D:3      | Killed Dowan
  1986 | D:3      | Paralysed by Grinder for 2 turns
  2105 | D:3      | Found a runed door.
  2362 | D:3      | Reached XP level 7. HP: 31/41 MP: 8/8
  2856 | D:4      | Killed Sigmund
  2857 | D:4      | Reached skill level 1 in Throwing
  2946 | D:4      | Got a crude falchion
  2952 | D:4      | Identified the +7 falchion of the End {flame, rN+ MR+
                  | Dex-2} (You found it on level 4 of the Dungeon)
  3046 | D:4      | Got a pair of fading boots
  3284 | D:4      | Identified the +2 pair of boots of Honour {*Corrode rN+
                  | Str+4} (You found it on level 4 of the Dungeon)
  3318 | D:5      | Entered Level 5 of the Dungeon
  3519 | D:5      | Found a runed translucent gate.
  3519 | D:5      | Found a runed translucent gate.
  3520 | D:5      | Found a runed translucent gate.
  3522 | D:5      | Noticed yrara's ghost (novice DsFi)
  3522 | D:5      | Noticed yrara's ghost (novice DsFi)
  3578 | D:5      | Found a staircase to the Ecumenical Temple.
  3592 | Temple   | Entered the Ecumenical Temple
  3935 | D:6      | Gained mutation: You have acidic saliva. [Jungle Stalker
                  | growth]
  3935 | D:6      | Gained mutation: Your system is resistant to poisons.
                  | (rPois) [Jungle Stalker growth]
  3935 | D:6      | Reached XP level 8. HP: 39/48 MP: 8/9
  3952 | D:6      | Reached skill level 1 in Long Blades
  4167 | D:6      | Reached skill level 2 in Long Blades
  4231 | D:6      | Noticed Prince Ribbit
  4236 | D:6      | Killed Prince Ribbit
  4237 | D:6      | Reached skill level 3 in Long Blades
  4256 | D:6      | Reached skill level 5 in Fighting
  4317 | D:6      | Reached XP level 9. HP: 31/54 MP: 10/10
  4337 | D:6      | Reached skill level 1 in Armour
  4429 | D:6      | Reached skill level 4 in Long Blades
  4814 | D:5      | Noticed Ijyb
  4951 | D:5      | Noticed Edmund
  4964 | D:5      | Killed Edmund
  5167 | D:5      | Killed Ijyb
  5202 | D:5      | Found a hazy altar of Hepliaklqana.
  5206 | D:5      | Noticed Eustachio
  5209 | D:5      | Found a basalt altar of Yredelemnul.
  5211 | D:5      | Found a blossoming altar of Fedhas.
  5221 | D:5      | Killed Eustachio
  5499 | D:5      | Found a runed translucent gate.
  5499 | D:5      | Found a runed translucent gate.
  5500 | D:5      | Found a runed translucent gate.
  5553 | D:5      | Found a staircase to the Ecumenical Temple.
  6041 | D:5      | Found a hazy altar of Hepliaklqana.
  6049 | D:5      | Found a basalt altar of Yredelemnul.
  6053 | D:5      | Found a blossoming altar of Fedhas.
  6581 | D:7      | Found a bloodstained altar of Trog.
  6647 | D:7      | Reached skill level 5 in Long Blades
  6647 | D:7      | Reached XP level 10. HP: 42/61 MP: 11/11
  7199 | D:8      | Found a sacrificial altar of Ru.
  7321 | D:8      | Noticed Erica
  7332 | D:8      | Killed Erica
  7503 | D:8      | Found an iron altar of Okawaru.
  7720 | D:8      | Became a worshipper of Warmaster Okawaru
  7793 | D:8      | Found a hide-covered altar of Uskayaw.
  7998 | D:9      | Noticed a cyclops
  8019 | D:9      | Reached skill level 5 in Short Blades
  8051 | D:9      | Reached skill level 6 in Long Blades
  8057 | D:9      | Reached skill level 1 in Invocations
  8077 | D:9      | Reached skill level 1 in Shields
  8079 | D:9      | Reached * piety under Okawaru
  8176 | D:9      | Reached XP level 11. HP: 43/67 MP: 13/13
  8351 | D:9      | Reached ** piety under Okawaru
  8388 | D:9      | Noticed a cyclops
  8493 | D:9      | Reached skill level 7 in Long Blades
  8547 | D:9      | Killed a cyclops
  8571 | D:9      | Noticed an ogre mage
  8572 | D:9      | Noticed a two-headed ogre
  8573 | D:9      | Noticed a two-headed ogre
  8579 | D:9      | Noticed a two-headed ogre
  8580 | D:9      | Noticed a two-headed ogre
  8584 | D:9      | Killed a two-headed ogre
  8585 | D:9      | Killed an ogre mage
  8591 | D:9      | Killed a two-headed ogre
  8591 | D:9      | Reached *** piety under Okawaru
  8596 | D:9      | Killed a two-headed ogre
  8607 | D:9      | Killed a two-headed ogre
  8674 | D:9      | Killed a cyclops
  8674 | D:9      | Reached **** piety under Okawaru
  8722 | D:9      | Reached skill level 8 in Long Blades
  8764 | D:9      | Gained mutation: You heal very quickly. [Jungle Stalker
                  | growth]
  8764 | D:9      | Reached XP level 12. HP: 66/73 MP: 13/15
  9069 | D:9      | Found a staircase to the Lair.
  9215 | D:10     | Entered Level 10 of the Dungeon
  9218 | D:10     | Noticed Joseph
  9240 | D:10     | Killed Joseph
  9455 | D:10     | Learned a level 7 spell: Mana Rupture
  9459 | D:10     | Learned a level 3 spell: Iskenderun's Mystic Blast
  9484 | D:10     | Noticed Maurice
  9542 | D:10     | Reached skill level 1 in Hexes
  9551 | D:10     | Killed Maurice
  9758 | D:10     | Found a basalt altar of Yredelemnul.
  9838 | D:10     | Found Ijiej's Armour Emporium.
  9975 | D:10     | Reached skill level 1 in Spellcasting
  9998 | D:10     | Noticed a two-headed ogre
 10013 | D:10     | Killed a two-headed ogre
 10220 | Lair:1   | Entered Level 1 of the Lair of Beasts
 10220 | Lair:1   | Noticed Gastronok
 10232 | Lair:1   | Noticed Fannar
 10264 | Lair:1   | Killed Fannar
 10264 | Lair:1   | Reached ***** piety under Okawaru
 10265 | Lair:1   | Reached skill level 1 in Conjurations
 10378 | Lair:1   | Killed Gastronok
 10378 | Lair:1   | Received a gift from Okawaru
 10379 | Lair:1   | Reached skill level 9 in Long Blades
 10471 | Lair:1   | Received a gift from Okawaru
 10477 | Lair:1   | Reached XP level 13. HP: 73/80 MP: 17/17
 11095 | Lair:2   | Received a gift from Okawaru
 11096 | Lair:2   | Reached skill level 10 in Dodging
 11096 | Lair:2   | Reached skill level 5 in Invocations
 11299 | Lair:2   | Identified the +6 scale mail of Catatonia {+Fly Int+4
                  | Dex-4} (You found it on level 2 of the Lair of Beasts)
 12014 | Lair:3   | Found a staircase to the Shoals.
 12284 | Lair:3   | Received a gift from Okawaru
 12374 | Lair:3   | Reached ****** piety under Okawaru
 12444 | Lair:3   | Received a gift from Okawaru
 12449 | Lair:3   | Reached skill level 5 in Throwing
 12919 | Lair:3   | Identified the +1 robe of True Grit {rElec Dex+2} (You
                  | found it on level 3 of the Lair of Beasts)
 13047 | Lair:3   | Received a gift from Okawaru
 13137 | Lair:3   | Found a hole to the Spider Nest.
 13562 | Lair:4   | Reached skill level 10 in Long Blades
 13604 | Lair:4   | Reached XP level 14. HP: 68/86 MP: 21/21
 13715 | Lair:4   | Received a gift from Okawaru
 13943 | Lair:5   | Found a viscous altar of Jiyva.
 13944 | Lair:5   | Found a staircase to the Slime Pits.
 14031 | Lair:5   | Found a white marble altar of Elyvilon.
 14233 | Lair:5   | Got a fine ring mail
 14244 | Lair:5   | Identified the cursed +1 ring mail of the Hanged Man
                  | {+Blink Slay+2} (You found it on level 5 of the Lair of
                  | Beasts)
 14704 | Lair:6   | Entered Level 6 of the Lair of Beasts
 14770 | Lair:6   | Received a gift from Okawaru
 14771 | Lair:6   | Reached skill level 5 in Conjurations
 14781 | Lair:6   | Got a faintly humming cloak {god gift}
 14787 | Lair:6   | Identified the +0 cloak of the Evening Star {rC+} (Okawaru
                  | gifted it to you on level 6 of the Lair of Beasts)
 15159 | Lair:6   | Reached skill level 5 in Hexes
 15294 | Lair:6   | Reached skill level 5 in Armour
 15449 | Lair:6   | Reached skill level 10 in Fighting
 15587 | Lair:6   | Received a gift from Okawaru
 15628 | Lair:6   | Reached skill level 5 in Spellcasting
 15658 | Lair:6   | Identified the ring of Lasmug {+Fly Str+3} (You found it on
                  | level 6 of the Lair of Beasts)
 16359 | D:11     | Reached XP level 15. HP: 89/92 MP: 2/23
 16374 | D:11     | Reached skill level 11 in Long Blades
 16495 | D:11     | Found a sparkling altar of Nemelex Xobeh.
 16518 | D:11     | Noticed Grum
 16527 | D:11     | Killed Grum
 16864 | D:11     | Reached skill level 5 in Shields
 17064 | D:11     | Found a staircase to the Orcish Mines.
 17198 | D:12     | Entered Level 12 of the Dungeon
 17206 | D:12     | Received a gift from Okawaru
 17497 | D:12     | Found a runed translucent door.
 17498 | D:12     | Noticed a mature batox beast
 17498 | D:12     | Noticed a mature shockbat beast
 17502 | D:12     | Found a gate to the Vaults.
 17502 | D:12     | Noticed a mature batshock beast
 17720 | D:12     | Found a staircase to the Depths.
 18034 | D:12     | Found a blossoming altar of Fedhas.
 18140 | Orc      | Entered the Orcish Mines
 18143 | Orc      | Found a staircase to the Elven Halls.
 18246 | Orc      | Received a gift from Okawaru
 18349 | Orc      | Reached skill level 12 in Long Blades
 18355 | Orc      | Received a gift from Okawaru
 18386 | Orc      | Noticed Snorg
 18482 | Orc      | Received a gift from Okawaru
 18493 | Orc      | Found the -2 hat of the Alchemist {rElec rPois rF+ rC+ rN+
                  | MR+ rMut rCorr}
 18594 | Orc      | Killed Snorg
 18811 | Orc      | Identified the +8 quick blade "Limiw" {holy, rC++ MR+}
                  | (Okawaru gifted it to you in the Orcish Mines)
 18820 | Orc      | Found Zaikh's Book Emporium.
 18830 | Orc      | Found Gikkaesh's Jewellery Boutique.
 18835 | Orc      | Found Iseuraax's Distillery.
 18836 | Orc      | Found Etzuidui's Book Emporium.
 18882 | Orc      | Gained mutation: You regenerate. [Jungle Stalker growth]
 18882 | Orc      | Reached XP level 16. HP: 94/99 MP: 26/26
 19366 | Shoals:1 | Entered Level 1 of the Shoals
 20131 | Shoals:1 | Found Naiclaoj's Antique Armour Shop.
 20318 | Shoals:1 | Bought bloodstained iron dragon scales for 1530 gold pieces
 20318 | Shoals:1 | Bought an encrusted ring mail for 162 gold pieces
 20318 | Shoals:1 | Identified the +23 iron dragon scales of Demons {rC+} (You
                  | bought it in a shop on level 1 of the Shoals)
 20335 | Shoals:1 | Identified the +0 ring mail of the Lute {rPois rC- rCorr
                  | Int+8} (You bought it in a shop on level 1 of the Shoals)
 20396 | Shoals:1 | Received a gift from Okawaru
 20397 | Shoals:1 | Reached skill level 1 in Evocations
 21253 | Shoals:2 | Noticed a kraken
 21571 | D:12     | Received a gift from Okawaru
 21728 | Depths:1 | Entered Level 1 of the Depths
 21830 | Depths:1 | Found a one-way gate to the infinite horrors of the Abyss.
 21895 | Depths:1 | Noticed Nikola
 21926 | Depths:1 | Killed Nikola
 21927 | Depths:1 | Reached XP level 17. HP: 79/104 MP: 24/29
 21973 | Depths:1 | Noticed a rockslime
 22072 | Depths:1 | Noticed a sphinx
 22082 | Depths:1 | Killed a sphinx
 22083 | Depths:1 | Reached skill level 13 in Long Blades
 22086 | Depths:1 | Noticed a sphinx
 22122 | Depths:1 | Killed a sphinx
 22160 | Depths:1 | Noticed a rockslime
 22201 | Depths:1 | Killed a rockslime
 22201 | Depths:1 | Received a gift from Okawaru
 22448 | Depths:1 | Killed a rockslime
 22856 | Depths:1 | Found a gateway to Hell.
 23162 | Spider:1 | Entered Level 1 of the Spider Nest
 23177 | Spider:1 | Received a gift from Okawaru
 23538 | Spider:1 | Noticed Josephine
 23550 | Spider:1 | Killed Josephine
 24390 | Spider:2 | Received a gift from Okawaru
 24399 | Spider:2 | Got a faintly humming buckler {god gift}
 24403 | Spider:2 | Identified the -1 buckler of Henotheism {rElec Dex+2}
                  | (Okawaru gifted it to you on level 2 of the Spider Nest)
 24423 | Spider:2 | Noticed Bai Suzhen
 24458 | Spider:1 | Killed Bai Suzhen
 24577 | Spider:2 | Reached XP level 18. HP: 36/111 MP: 31/31
 25329 | Spider:3 | Entered Level 3 of the Spider Nest
 25441 | Spider:3 | Noticed Arachne
 25467 | Spider:3 | Noticed Roxanne
 25484 | Spider:3 | Killed Roxanne
 25485 | Spider:3 | Identified Roxanne's Collected Works on Changing (You took
                  | it off Roxanne on level 3 of the Spider Nest)
 25513 | Spider:3 | Killed Arachne
 25975 | Spider:3 | HP: 5/112 [poisoned by a ghost moth]
 26256 | Spider:3 | Received a gift from Okawaru
 26443 | Spider:3 | Reached skill level 14 in Long Blades
 26506 | Spider:3 | Received a gift from Okawaru
 26775 | Spider:3 | Got a gossamer rune of Zot
 26801 | Spider:3 | Identified the +5 plate armour "Suits" {+Blink} (Okawaru
                  | gifted it to you on level 3 of the Spider Nest)
 27321 | Vaults:1 | Entered Level 1 of the Vaults
 27412 | Vaults:1 | Reached XP level 19. HP: 104/116 MP: 26/33
 27706 | Vaults:1 | Identified the +4 longbow of Beitzeamyn {venom, +Fly rN++
                  | Str-2 Int+8} (Okawaru gifted it to you on level 1 of the
                  | Vaults)
 27706 | Vaults:1 | Received a gift from Okawaru
 28620 | Vaults:1 | Received a gift from Okawaru
 29086 | Vaults:2 | Noticed Asterion
 29087 | Vaults:2 | Identified the +3 quick blade of the Twisting Madman {elec,
                  | MP+9 Dex+3} (Okawaru gifted it to you on level 2 of the
                  | Vaults)
 29087 | Vaults:2 | Received a gift from Okawaru
 29101 | Vaults:2 | Killed Asterion
 29281 | Vaults:2 | Noticed Donald
 29302 | Vaults:2 | Killed Donald
 29503 | Vaults:2 | Reached XP level 20. HP: 121/124 MP: 32/34
 29541 | Vaults:2 | Found Doawn's Antique Weapon Shoppe.
 29581 | Vaults:2 | Found a staircase to the Crypt.
 30021 | Vaults:3 | Entered Level 3 of the Vaults
 30150 | Elf:1    | Entered Level 1 of the Elven Halls
 30177 | Elf:1    | Received a gift from Okawaru
 30288 | Elf:1    | Noticed Azrael
 30309 | Elf:1    | Reached skill level 10 in Conjurations
 30316 | Elf:1    | Killed Azrael
 30587 | Elf:1    | Reached skill level 10 in Short Blades
 30724 | Elf:1    | Noticed Saint Roka
 30749 | Elf:1    | Killed Saint Roka
 30750 | Elf:1    | Reached skill level 10 in Hexes
 31115 | Elf:1    | Found a shimmering blue altar of Sif Muna.
 31602 | Elf:2    | Found a frozen archway.
 31672 | IceCv    | Entered an ice cave
 31790 | IceCv    | Reached skill level 10 in Spellcasting
 32106 | Elf:2    | Found Recepha's Magic Scroll Emporium.
 32114 | Elf:2    | Bought a scroll of teleportation for 45 gold pieces
 32208 | Elf:2    | Reached skill level 15 in Long Blades
 32221 | Elf:2    | Received a gift from Okawaru
 32377 | Elf:2    | Found a runed gate.
 32378 | Elf:2    | Found a runed gate.
 32378 | Elf:2    | Found a runed gate.
 32504 | Elf:2    | Found a radiant altar of Vehumet.
 32566 | Elf:3    | Entered Level 3 of the Elven Halls
 32646 | Elf:3    | Noticed a Brimstone Fiend
 32673 | Elf:3    | Reached skill level 10 in Shields
 32818 | Elf:3    | Reached XP level 21. HP: 122/130 MP: 31/36
 33024 | Elf:3    | Received a gift from Okawaru
 33026 | Elf:3    | Found Inoforih's Jewellery Shoppe.
 33077 | Elf:3    | Noticed Aizul
 33087 | Elf:3    | Killed Aizul
 33630 | Elf:3    | Identified the Tome of Excruciating Envenoming
 33634 | Elf:3    | Identified the ring of Giruyr Iril {Fire SInv}
 33635 | Elf:3    | Identified the cursed +2 whip of Wyrd {vamp, *Rage rF++
                  | Str-2 Int+3}
 33642 | Elf:3    | Identified the +9 scimitar "Cyamun" {slice, rF+}
 33642 | Elf:3    | Identified the amulet "Ero Maon" {Gourm MR+ Stlth+}
 33827 | Elf:3    | Identified the ring "Roiny" {*Contam rPois rF+ MP+9 Dex+3}
                  | (You acquired it on level 3 of the Elven Halls)
 33911 | Elf:3    | Killed from afar by a deep elf high priest

Skill      XL: |  1  2  3  4  5  6  7  8  9 10 11 12 13 14 15 16 17 18 19 20 21 |
---------------+----------------------------------------------------------------+-----
Dodging        | 4 5 6 7 8 9 10 11 12 13 14 | 14.1
Fighting       | 1 2 3 5 6 7 8 9 10 11 12 13 | 13.7
Maces & Flails | 1 |  1.1
Stealth        | 5 6 7 8 |  8.3
Short Blades   | 1 2 3 4 5 6 7 8 9 10 | 10.5
Throwing       | 1 2 3 4 5 6 7 |  7.3
Long Blades    | 3 5 6 8 9 10 12 13 14 15 | 15.2
Armour         | 2 3 4 5 6 7 8 9 |  9.0
Invocations    | 1 3 4 5 6 7 8 |  8.3
Shields        | 1 2 3 4 5 6 7 8 9 10 | 10.4
Hexes          | 2 4 5 6 7 8 9 10 | 10.5
Spellcasting   | 2 4 5 6 7 8 9 10 | 10.4
Conjurations   | 2 4 5 6 7 8 9 10 | 10.6
Evocations     | 1 |  1.5

Action                   |  1- 3 |  4- 6 |  7- 9 | 10-12 | 13-15 | 16-18 | 19-21 || total
-------------------------+-------+-------+-------+-------+-------+-------+-------++-------
Melee: Whip              |   152 |       |       |       |       |       |       ||   152
       Bite              |    12 |     8 |    36 |    54 |   187 |   241 |   239 ||   777
       Short sword       |     4 |    47 |       |       |       |       |       ||    51
       Rapier            |       |    94 |    24 |       |       |       |       ||   118
       Falchion          |       |       |   214 |   491 |   412 |       |       ||  1117
       Dagger            |       |       |     5 |       |       |       |       ||     5
       Scimitar          |       |       |       |       |    39 |    10 |       ||    49
       Demon blade       |       |       |       |       |   789 |  1516 |  1385 ||  3690
       Quick blade       |       |       |       |       |    22 |   112 |       ||   134
 Fire: Blowgun           |       |    14 |    32 |    48 |    78 |       |       ||   172
Throw: Tomahawk          |       |    12 |    41 |    92 |       |       |     4 ||   149
       Javelin           |       |       |       |     1 |   130 |   227 |   128 ||   486
 Cast: Iskenderun's Myst |       |       |       |       |    49 |     4 |       ||    53
Invok: Heroism           |       |       |       |     6 |     9 |    25 |    15 ||    55
       Finesse           |       |       |       |       |     5 |    10 |     7 ||    22
Evoke: Lightning rod     |       |       |       |     4 |       |       |       ||     4
       Wand              |       |       |       |     2 |     1 |    16 |     1 ||    20
       Lamp of fire      |       |       |       |       |       |     2 |     2 ||     4
  Use: Scroll            |       |     1 |     4 |     8 |    25 |    19 |     8 ||    65
       Potion            |       |     1 |       |       |     5 |       |       ||     6
 Stab: Sleeping          |     7 |    13 |     7 |    10 |     6 |     1 |       ||    44
       Distracted        |       |     2 |     2 |       |       |       |       ||     4
       Petrified         |       |       |       |       |     3 |       |       ||     3
       Confused          |       |       |       |       |       |     4 |       ||     4
       Held in net/web   |       |       |       |       |       |     1 |       ||     1
  Eat: Chunk             |     5 |     9 |    18 |    21 |    56 |    41 |    46 ||   196
       Ration            |       |       |     1 |     2 |     1 |     5 |     2 ||    11
Armor: Robe              |    60 |    35 |    19 |       |       |       |       ||   114
       Ring mail         |       |       |    52 |    83 |    11 |       |       ||   146
       Scale mail        |       |       |       |       |   251 |    50 |       ||   301
       Iron dragon scale |       |       |       |       |       |  1258 |   612 ||  1870
Dodge: Dodged            |   127 |   107 |   198 |   331 |   664 |   565 |   227 ||  2219
Block: Other             |       |       |    25 |     8 |       |       |       ||    33
       Reflection        |       |       |     1 |    14 |    18 |    86 |   145 ||   264
       Buckler           |       |       |       |   268 |   753 |  1601 |   270 ||  2892
       Medium shield     |       |       |       |       |       |       |   985 ||   985
